 Dungeon Crawl Stone Soup version 0.28.0 (webtiles) character file.

Game seed: 7750083758653010305

1269 danielguo94 the Basher (level 8, -4/72 HPs)
             Began as a Gargoyle Fighter on Feb 8, 2022.
             Slain by an orc warrior (13 damage)
             ... on level 8 of the Dungeon.
             The game lasted 00:06:40 (4993 turns).

danielguo94 the Basher (Gargoyle Fighter)           Turns: 4993, Time: 00:06:40

Health: -4/72      AC: 15    Str: 23    XL:     8   Next: 53%
Magic:  8/8        EV: 14    Int:  8    God:
Gold:   245        SH:  4    Dex:  9    Spells: 7/7 levels left

rFire   . . .      SeeInvis .   a - +0 flail
rCold   . . .      Faith    .   c - +0 buckler
rNeg    + . .      Spirit   .   b - +0 scale mail
rPois   ∞          Reflect  .   (no helmet)
rElec   +          Harm     .   h - +0 cloak
rCorr   .          Rampage  .   (no gloves)
Will    +....                   m - +0 pair of boots
Stlth   ..........              (no amulet)
HPRegen 0.22/turn               C - +4 ring of evasion
MPRegen 0.11/turn               B - ring of willpower

@: berserking, very quick
A: sickness immunity, AC +5, negative energy resistance 1, electricity
resistance, torment resistance 1, petrification resistance
a: no special abilities


You were on level 8 of the Dungeon.
You visited 1 branch of the dungeon, and saw 8 of its levels.
You also visited: Ossuary.

You collected 245 gold pieces.

Inventory:

Hand Weapons
 a - a +0 flail (weapon)
Missiles
 l - 190 stones
 n - a throwing net
 t - 13 poisoned darts (quivered)
 D - 3 javelins
Armour
 b - a +0 scale mail (worn)
 c - a +0 buckler (worn)
 h - a +0 cloak (worn)
 m - a +0 pair of boots (worn)
Jewellery
 B - a ring of willpower (right hand)
 C - a +4 ring of evasion (left hand)
 E - a +6 ring of dexterity
 G - an amulet of magic regeneration
Wands
 F - a wand of iceblast (6)
Scrolls
 e - a scroll of vulnerability {unknown}
 f - 3 scrolls of fear
 o - 4 scrolls of amnesia {unknown}
 p - 2 scrolls of enchant armour {unknown}
 r - 2 scrolls of teleportation
 v - a scroll of silence {unknown}
 w - a scroll of enchant weapon {unknown}
 x - a scroll of torment {unknown}
 y - a scroll of summoning {unknown}
Potions
 d - 3 potions of might
 g - 2 potions of invisibility {unknown}
 i - 4 potions of mutation
 k - 5 potions of heal wounds
 q - 4 potions of curing
 s - 4 potions of haste
 u - a potion of flight {unknown}
 z - a potion of attraction {unknown}
 A - 2 potions of brilliance {unknown}
 H - 2 potions of lignification {unknown}
 I - a potion of magic {unknown}


   Skills:
 + Level 4.8 Fighting
 * Level 8.3 Maces & Flails
 + Level 0.3 Throwing
 + Level 4.8 Armour
 + Level 1.6 Dodging
 + Level 4.4 Shields


You had 7 spell levels left.
You didn't know any spells.
Your spell library contained the following spells:

 Spells                   Type           Power      Damage    Failure   Level
 Corpse Rot               Necr/Air       0%         N/A       90%         2
 Poisonous Vapours        Pois/Air       0%         N/A       90%         2


Dungeon Overview and Level Annotations

Branches:
Dungeon (7/15)            Ossuary (visited)
 Temple: D:4-7

Altars:
Kikubaaqudgha

Shops:
D:3 :

Annotations:
D:2 1 runed translucent door, Crazy Yiuf


Innate Abilities, Weirdness & Mutations

You are immune to sickness and miasma.
Your stone body is resilient. (AC +5)
You are immune to poison.
You resist negative energy. (rN+)
You are resistant to electric shocks. (rElec)
You are resistant to unholy torment.
You are immune to petrification.


Message History

An orc comes into view. It is wielding a +0 club.
You hit the orc priest.
The orc priest is lightly wounded.
The orc priest hits you but does no damage.
The orc warrior hits you with a +0 flail.
The orc priest looks satisfied for a moment.
You hit the orc priest.
The orc priest is moderately wounded.
The orc warrior hits you but does no damage.
You hit the orc priest but do no damage.
The orc priest is moderately wounded.
The orc warrior hits you with a +0 flail!
The orc priest calls down the wrath of Beogh upon you.
Beogh smites you!
* * * LOW HITPOINT WARNING * * *
Unknown command.
A red film seems to cover your vision as you go berserk!
You feel yourself moving faster!
You feel mighty!
The orc warrior hits you with a +0 flail.
* * * LOW HITPOINT WARNING * * *
The orc closely misses you.
The orc priest hits you but does no damage.
Unknown command.
You sock the orc priest!
You kill the orc priest!
The orc warrior hits you with a +0 flail.
* * * LOW HITPOINT WARNING * * *
The orc closely misses you.
You barely miss the orc warrior.
The orc warrior is lightly wounded.
The orc warrior hits you with a +0 flail.
* * * LOW HITPOINT WARNING * * *
You thump the orc warrior!
The orc warrior is heavily wounded.
The orc hits you with a +0 club.
* * * LOW HITPOINT WARNING * * *
You closely miss the orc warrior.
The orc warrior is heavily wounded.
The orc warrior hits you with a +0 flail!
You die...

#.....#
##.....##
#.......#
#..)....#
#.##)##.#
#...)##.##
#........#
#........#
#@o......#
#...o).....#.#
######.....#.#
#........
##......##
##.##### .# .#


You could see an orc warrior and an orc.

Vanquished Creatures
  2 water moccasins
  3 ogres
  Blork the orc (D:4)
  2 scorpions (D:5)
  A bullfrog zombie (D:5)
  A jelly (D:5)
  An orc priest (D:8)
  3 centaur zombies
  3 hounds
  An iguana (D:6)
  Natasha (thrice) (D:2)
  5 mummies
  A howler monkey skeleton (D:4)
  4 adders
  2 shadow imps (D:6)
  An ufetubus (D:3)
  2 worms (D:2)
  3 dart slugs
  7 orcs
  14 endoplasms
  3 giant cockroaches
  A gnoll zombie (Ossuary)
  7 goblins
  7 hobgoblins
  8 jackals
  A quokka (D:1)
  5 ball pythons
  10 bats
  3 frilled lizards
  3 hobgoblin zombies
  6 kobolds
  2 kobold zombies
  2 orc zombies (Ossuary)
  3 rats
121 creatures vanquished.

Notes
Turn   | Place    | Note
-------+----------+-------------------------------------------
     0 | D:1      | danielguo94 the Gargoyle Fighter began the quest for the
                  | Orb.
     0 | D:1      | Reached XP level 1. HP: 14/14 MP: 1/1
   161 | D:1      | Reached XP level 2. HP: 14/19 MP: 2/2
   711 | D:1      | Reached XP level 3. HP: 23/23 MP: 3/3
  1321 | D:2      | Noticed Natasha
  1523 | D:2      | Found a faded altar of an unknown god.
  1720 | D:2      | Reached skill level 3 in Maces & Flails
  1734 | D:2      | Reached XP level 4. HP: 27/28 MP: 4/4
  1753 | D:2      | Found a runed translucent door.
  1754 | D:2      | Noticed Crazy Yiuf
  1822 | D:2      | Killed Natasha
  1867 | D:2      | Noticed Natasha
  1891 | D:2      | Killed Natasha
  1914 | D:2      | Noticed Natasha
  1923 | D:2      | Killed Natasha
  1924 | D:2      | Reached XP level 5. HP: 33/33 MP: 5/5
  2203 | D:3      | Found Zebue's Book Shoppe.
  2215 | D:3      | Reached skill level 4 in Maces & Flails
  2253 | D:3      | Identified the +6 quarterstaff of Kaxifok {antimagic,
                  | *Noise rF+++ Will+++ Dex-5}
  2704 | D:4      | Noticed an ogre
  2840 | D:4      | Found a sand-covered staircase.
  2848 | Ossuary  | Entered an ossuary
  2868 | Ossuary  | Reached XP level 6. HP: 38/38 MP: 6/6
  3089 | Ossuary  | Reached skill level 5 in Maces & Flails
  3109 | Ossuary  | Reached skill level 1 in Dodging
  3511 | D:4      | Noticed Blork the orc
  3524 | D:4      | Killed Blork the orc
  3525 | D:4      | Reached XP level 7. HP: 26/43 MP: 7/7
  3687 | D:4      | Reached skill level 6 in Maces & Flails
  3803 | D:5      | Entered Level 5 of the Dungeon
  3932 | D:5      | Found an ancient bone altar of Kikubaaqudgha.
  4143 | D:5      | Reached skill level 7 in Maces & Flails
  4143 | D:5      | Reached XP level 8. HP: 34/48 MP: 8/8
  4690 | D:6      | Reached skill level 8 in Maces & Flails
  4694 | D:6      | Noticed a cyclops
  4962 | D:7      | You fall into a shaft and drop 1 floor!
  4993 | D:8      | Slain by an orc warrior

Illustrated notes

Levels and vault maps discovered:
D:1:      scummos_arrival_gate, layout_basic, st_stairs_6, corner_web_ring,
          glass_columns_a
D:2:      layout_basic, ebering_ecumenical_altar_ruins, uniq_crazy_yiuf_cottage,
          uniq_natasha
D:3:      minmay_wonky_spiral, layout_rooms, serial_shops, shop,
          minmay_misc_feat_roman
D:4:      layout_gridville, nicolae_ossuary_entry_giza, uniq_blork_the_orc
D:5:      layout_cave_pools, lemuel_round_altar,
          nicolae_concentric_dashed_squares_mild
D:6:      kennysheep_windowed_halls, layout_loops_ring,
          lemuel_temple_firewalk_a, minmay_three_doors, uniq_menkaure
D:7:      layout_layer_cave
D:8:      layout_loops_cross, grunt_temple_overflow_open, uniq_harold, uniq_grum

Skill      XL: |  1  2  3  4  5  6  7  8 |
---------------+-------------------------+-----
Maces & Flails | 3 4 5 7 8 |  8.3
Armour         | 4 |  4.8
Shields        | 4 |  4.4
Fighting       | 4 |  4.8
Dodging        | 1 |  1.6
Throwing       | |  0.3

Action                   |  1- 3 |  4- 6 |  7- 9 || total
-------------------------+-------+-------+-------++-------
Melee: Flail             |   150 |   206 |   129 ||   485
Throw: Dart              |       |       |     4 ||     4
  Use: Scroll            |     3 |     2 |     2 ||     7
       Potion            |       |       |     1 ||     1
Armor: Scale mail        |    83 |   106 |    36 ||   225
Dodge: Dodged            |    81 |    97 |    72 ||   250
Block: Buckler           |    25 |    44 |    27 ||    96
